 Dungeon Crawl Stone Soup version 0.31-a0-150-g89dc3ad700 (webtiles) character file.

Game seed: 12464165452374897999

31797 Hubris850 the Destroyer (level 13, -4/63 HPs)
             Began as a Tengu Conjurer on June 8, 2023.
             Was the Champion of Elyvilon.
             Slain by a cane toad (5 damage)
             ... while petrified by a basilisk
             ... on level 4 of the Lair of Beasts.
             The game lasted 01:08:37 (16088 turns).

Hubris850 the Destroyer (Tengu Conjurer)           Turns: 16088, Time: 01:08:38

Health: -4/63      AC: 10    Str: 10    XL:     13   Next: 60%
Magic:  27/28      EV:  2    Int: 28    God:    Elyvilon [******]
Gold:   897        SH:  0    Dex: 20    Spells: 9/32 levels left

rFire   . . .        q - staff of earth
rCold   . . .        M - +2 buckler
rNeg    + + +        t - +4 robe of Folly {Brill Will-∞ Int+8}
rPois   ∞            Z - +2 hat {Stlth+}
rElec   .            h - +0 cloak
rCorr   .            W - +0 pair of gloves
SInv    .            (boots unavailable)
Will    .....        B - amulet of regeneration
Stlth   +++          y - ring of wizardry
HPRegen 1.10/turn    u - +6 ring of dexterity
MPRegen 0.21/turn

%: wizardry (x1)
@: lethally poisoned (-4 -> -4), petrified, flying quickly and evasively, quick
A: beak, talons 3, nimble flight
a: Renounce Religion, Purification, Heal Other, Heal Self, Divine Vigour


You were on level 4 of the Lair of Beasts.
You worshipped Elyvilon.
Elyvilon was exalted by your worship.
You visited 2 branches of the dungeon, and saw 15 of its levels.

You collected 897 gold pieces.

Inventory:

Hand Weapons
 I - the +5 battleaxe of Reff {freeze, rElec Dex+5}
   (You found it on level 4 of the Lair of Beasts)

   Dex:       It affects your dexterity (+5).
   rElec:     It insulates you from electricity.
Missiles
 j - 12 javelins
 E - 2 throwing nets
 P - 7 curare-tipped darts
Armour
 h - a +0 cloak (worn)
 t - the +4 robe of Folly (worn) {Brill Will-∞ Int+8}
   (You found it on level 3 of the Dungeon)

   Brill:     It increases the power of your magical spells and halves their MP
   cost (rounding up).
   Will-∞: It reduces your willpower to zero.
   Int:       It affects your intelligence (+8).
 v - +0 ice dragon scales
 M - a +2 buckler (worn)
 W - a +0 pair of gloves (worn)
 Z - a +2 hat of stealth (worn)
Magical Staves
 q - a staff of earth (weapon)
 H - a staff of fire
 Y - the staff of air "Nudu" {rElec Str+7}
   (You found it on level 9 of the Dungeon)

   [staff of air]

   Base accuracy: +5 Base damage: 5 Base attack delay: 1.2 This weapon's minimum
   attack delay (0.6) is reached at skill level 12.
   Str:       It affects your strength (+7).
   rElec:     It insulates you from electricity.
   It falls into the 'Staves' category.
   It is a one-handed weapon.
Jewellery
 d - a +6 ring of strength
 o - a ring of protection from fire
 u - a +6 ring of dexterity (right hand)
 y - a ring of wizardry (left hand)
 A - a ring of see invisible
 B - an amulet of regeneration (around neck)
Wands
 a - a wand of mindburst (12)
 Q - a wand of quicksilver (3)
Scrolls
 g - 3 scrolls of fear
 k - 4 scrolls of teleportation
 p - 2 scrolls of poison
 r - a scroll of vulnerability {unknown}
 s - a scroll of immolation {unknown}
 D - a scroll of noise
 F - 4 scrolls of magic mapping {unknown}
 G - 2 scrolls of fog {unknown}
 K - 2 scrolls of blinking {unknown}
 O - 3 scrolls of enchant armour {unknown}
 V - 4 scrolls of amnesia {unknown}
Potions
 b - 4 potions of magic
 c - a potion of invisibility {unknown}
 e - 5 potions of heal wounds
 f - 4 potions of curing
 l - a potion of resistance
 m - 4 potions of lignification
 n - a potion of berserk rage {unknown}
 w - 2 potions of attraction
 x - 2 potions of enlightenment
 z - 2 potions of might
 C - 2 potions of ambrosia {unknown}
 N - 3 potions of degeneration {unknown}
 S - 3 potions of haste {unknown}
Miscellaneous
 i - a lightning rod (4/4)


   Skills:
 - Level 3.3 Short Blades
 + Level 11.8 Staves
 - Level 3.5 Dodging
 - Level 2.2 Stealth
 + Level 10.3 Spellcasting
 + Level 14.9 Conjurations
 - Level 3.0 Hexes
 - Level 6.3 Earth Magic
 - Level 5.0 Poison Magic
 - Level 4.0 Invocations
 + Level 4.8 Evocations


You had 9 spell levels left.
You knew the following spells:

 Your Spells              Type           Power      Damage    Failure   Level
a - Magic Dart            Conj           100%       1d8       0%          1
b - Searing Ray           Conj           100%       2d8       0%          2
c - Stone Arrow           Conj/Erth      100%       3d13      1%          3
d - Fulminant Prism       Conj/Hex       38%        3d17      1%          4
e - Iskenderun's Mystic   Conj/Tloc      71%        2d14      1%          4
f - Poisonous Vapours     Pois/Air       84%        N/A       1%          2
g - Olgreb's Toxic Radia  Pois           59%        N/A       3%          4
h - Ignite Poison         Fire/Tmut/Pois 35%        N/A       3%          3

Your spell library contained the following spells:

 Spells                   Type           Power      Damage    Failure   Level
 Sandblast                Erth           100%       2d20      1%          1
 Sting                    Tmut/Pois      100%       1d8       1%          1
 Cigotuvi's Dreadful Rot  Necr/Pois/Air  70%        N/A       1%          2
 Passwall                 Tmut/Erth      53%        N/A       1%          2
 Dazzling Flash           Conj/Hex       100%       N/A       1%          3
 Apportation              Tloc           42%        N/A       2%          1
 Beastly Appendage        Tmut           42%        N/A       2%          1
 Necrotise                Necr           84%        1d8       2%          1
 Summon Small Mammal      Summ           84%        N/A       2%          1
 Spider Form              Tmut/Pois      42%        N/A       2%          3
 Wereblood                Tmut           21%        N/A       3%          2
 Arcjolt                  Conj/Air       35%        1d45      3%          5
 Animate Armour           Summ/Erth      100%       N/A       6%          4
 Vhi's Electric Charge    Tloc/Air       42%        N/A       8%          3
 Freezing Cloud           Conj/Ice/Air   29%        6-21      9%          5
 Summon Lightning Spire   Summ/Air       21%        N/A       24%         4
 Blade Hands              Tmut           10%        N/A       52%         5
 Plasma Beam              Fire/Air       10%        2x1d21    97%         6


Dungeon Overview and Level Annotations

Branches:
Dungeon (10/15)            Temple (0/1) D:6            Lair (5/5) D:10
  Swamp (0/4) Lair:2        Snake (0/4) Lair:2
  Slime: Lair:4-5       Orc: D:9-12

Altars:
Ashenzari
Dithmenos
Elyvilon
Gozag
Kikubaaqudgha
Qazlal
Trog
Wu Jian
Zin
The Shining One

Shops:
D:1 =   D:10 (


Innate Abilities, Weirdness & Mutations

You have a beak for a mouth.
You have claws for feet.
Your magical nature lets you fly swiftly and evasively.


Message History

A nearby plant withers and dies.
The basilisk looks more healthy.
Your limbs are stiffening.
The basilisk attacks as you move away!
The basilisk bites you but does no damage.
You feel very sick.
You feel a bit more experienced. You block the cane toad's attack.
You have turned to stone.
A nearby fungus withers and dies.
The basilisk bites you but does no damage.
The cane toad stings you but does no damage.
You feel a bit more experienced.
The cane toad stings you but does no damage.
The basilisk bites you. The cane toad stings you. The basilisk gazes at you.
The cane toad stings you!! The basilisk bites you!
The cane toad stings you but does no damage.
The cane toad stings you!! The basilisk bites you! The cane toad stings you!
The cane toad stings you but does no damage.
The basilisk bites you but does no damage.
The cane toad stings you!
* * * LOW HITPOINT WARNING * * *
The cane toad stings you!
* * * LOW HITPOINT WARNING * * *
The cane toad stings you!
* * * LOW HITPOINT WARNING * * *
The basilisk bites you.
* * * LOW HITPOINT WARNING * * *
The cane toad stings you. The cane toad stings you!
* * * LOW HITPOINT WARNING * * *
The basilisk gazes at you. The cane toad stings you.
* * * LOW HITPOINT WARNING * * *
The cane toad stings you. Elyvilon protects you from harm!
The basilisk bites you.
* * * LOW HITPOINT WARNING * * *
The cane toad stings you!
You die...

...........######...P..........##
............##..#..P...........##
.................#.............P
................###.............#
.†.............#.##P...........#
................####...........
..#P..##......###PP#........
#########.....#..F..........
#########.....#.@F..†..PP}..
.#..#P#..#..##..#l.....PPP..
...........########....PPPP.
..#.####P..##.## #.†..PPPPP
..P.#.##..#..#.#


.P...PPPPP ....P.....#....# #.P....PPSP ........†..<...####PP.S.PP..
................# ##P....P.. ##..............# #PPP...?P You could see 2 cane
toads and a basilisk.

Vanquished Creatures
  Gastronok (D:10)
  5 hydras
  An ice dragon (Lair:4)
  A catoblepas (Lair:2)
  A two-headed ogre (D:9)
  5 death yaks (Lair:2)
  Lodul (D:10)
  A skyshark (Lair:3)
  Pikel (D:8)
  2 oklob plants (D:10)
  A black mamba (Lair:1)
  Joseph (D:8)
  An ice statue (Lair:4)
  A torpor snail (Lair:1)
  A gargoyle (D:10)
  8 cane toads
  2 kobold demonologists (D:9)
  2 rime drakes (Lair:2)
  A troll (D:9)
  3 komodo dragons
  2 hornets
  5 polar bears
  4 blink frogs (Lair:5)
  7 dream sheep (Lair:5)
  A shadow (D:6)
  Sigmund (D:3)
  4 wyverns
  22 yaks
  A steam dragon (Lair:1)
  2 basilisks
  A warg (Lair:5)
  3 nagas
  An acid dragon (D:10)
  Duvessa (D:4)
  12 water moccasins
  2 orc warriors (D:9)
  7 ice beasts
  4 wolves
  10 ogres
  2 centaurs (D:9)
  A lemure (D:8)
  2 phantoms
  7 kobold brigands
  A necrophage (D:5)
  5 bullfrogs
  A gnoll sergeant (D:7)
  Dowan (D:4)
  5 wights (D:5)
  14 killer bees
  4 electric eels (D:9)
  A howler monkey (D:7)
  A bullfrog zombie (D:5)
  A crimson imp (D:7)
  A centaur zombie (D:5)
  A hound (D:4)
  A human zombie (D:5)
  8 orc priests
  A jelly (D:7)
  A gnoll bouda (D:3)
  An iguana (D:6)
  2 sleepcaps (D:7)
  8 orc wizards
  A killer bee zombie (D:5)
  2 mummies (D:5)
  11 adders
  13 gnolls
  2 shadow imps
  5 white imps
  2 ufetubi (D:6)
  3 worms
  2 dart slugs
  23 orcs
  2 endoplasms (D:2)
  3 giant cockroaches
  2 hobgoblins
  5 jackals
  4 quokkas
  9 ball pythons
  2 bats
  4 frilled lizards
  4 goblins
  35 kobolds
  4 rats (D:1)
338 creatures vanquished.

Vanquished Creatures (others)
  23 fulminant prisms
23 creatures vanquished.

Grand Total: 361 creatures vanquished

Notes
Turn   | Place    | Note
-------+----------+-------------------------------------------
     0 | D:1      | Hubris850 the Tengu Conjurer began the quest for the Orb.
     0 | D:1      | Reached XP level 1. HP: 10/10 MP: 4/4
   168 | D:1      | Found Woaga's Jewellery Boutique.
   267 | D:1      | Reached XP level 2. HP: 15/15 MP: 4/6
   290 | D:1      | Learned a level 2 spell: Searing Ray
   324 | D:1      | Found a faded altar of an unknown god.
   444 | D:1      | Prayed at the altar of an unknown god.
   444 | D:1      | Became a worshipper of Elyvilon the Healer
   444 | D:1      | Reached * piety under Elyvilon
   929 | D:2      | Reached XP level 3. HP: 8/19 MP: 1/7
  1022 | D:2      | Reached skill level 1 in Short Blades
  1379 | D:2      | Reached skill level 1 in Invocations
  1524 | D:2      | Learned a level 3 spell: Stone Arrow
  1658 | D:3      | Reached ** piety under Elyvilon
  1673 | D:3      | Noticed Sigmund
  1680 | D:3      | Killed Sigmund
  1681 | D:3      | Reached XP level 4. HP: 24/24 MP: 2/8
  1681 | D:3      | Gained mutation: Your magical nature lets you fly swiftly
                  | and evasively. [Tengu growth]
  1681 | D:3      | Reached XP level 5. HP: 28/28 MP: 2/9
  1836 | D:3      | Found the +4 robe of Folly {Brill Will-∞ Int+8}
  2249 | D:3      | Reached XP level 6. HP: 32/32 MP: 8/10
  2659 | D:4      | Reached skill level 1 in Staves
  2659 | D:4      | Reached skill level 1 in Evocations
  2903 | D:4      | Noticed Dowan
  2906 | D:4      | Noticed Duvessa
  2914 | D:4      | Killed Duvessa
  2915 | D:4      | Reached skill level 6 in Conjurations
  2915 | D:4      | Reached skill level 1 in Earth Magic
  2915 | D:4      | Reached XP level 7. HP: 14/36 MP: 2/12
  2921 | D:4      | Killed Dowan
  3080 | D:4      | Learned a level 4 spell: Fulminant Prism
  3187 | D:4      | Reached *** piety under Elyvilon
  3367 | D:4      | Found an opulent altar of Gozag.
  3491 | D:4      | Identified the +1 spear "Xegautwo" {flame, *Rage +Blink
                  | rElec}
  3643 | D:5      | Entered Level 5 of the Dungeon
  3657 | D:5      | Found a glowing silver altar of Zin.
  3661 | D:5      | Found an ornate altar of the Wu Jian Council.
  3666 | D:5      | Found a shadowy altar of Dithmenos.
  3715 | D:5      | Reached **** piety under Elyvilon
  3791 | D:5      | Found a stormy altar of Qazlal.
  4147 | D:5      | Reached XP level 8. HP: 41/41 MP: 6/13
  4314 | D:5      | Reached skill level 1 in Hexes
  4523 | D:5      | Found an ancient bone altar of Kikubaaqudgha.
  4772 | D:6      | Found a staircase to the Ecumenical Temple.
  4916 | D:6      | Reached skill level 7 in Conjurations
  5247 | D:6      | Noticed a shadow
  5251 | D:6      | Killed a shadow
  5252 | D:6      | Reached XP level 9. HP: 45/45 MP: 9/16
  6350 | D:7      | Reached ***** piety under Elyvilon
  6804 | D:7      | Reached skill level 8 in Conjurations
  7070 | D:8      | Found a broken altar of Ashenzari.
  7089 | D:8      | Reached skill level 5 in Staves
  7282 | D:8      | Noticed Pikel
  7307 | D:8      | Reached skill level 5 in Spellcasting
  7459 | D:8      | Noticed Joseph
  7468 | D:8      | Killed Joseph
  7602 | D:8      | Reached skill level 9 in Conjurations
  7632 | D:8      | Learned a level 4 spell: Iskenderun's Mystic Blast
  7635 | D:8      | Learned a level 2 spell: Poisonous Vapours
  7722 | D:8      | Killed Pikel
  7723 | D:8      | Reached skill level 1 in Poison Magic
  7723 | D:8      | Reached XP level 10. HP: 50/50 MP: 9/19
  7844 | D:8      | Found a bloodstained altar of Trog.
  8081 | D:9      | Noticed a two-headed ogre
  8086 | D:9      | Killed a two-headed ogre
  8092 | D:9      | Learned a level 4 spell: Olgreb's Toxic Radiance
  8258 | D:9      | Reached skill level 10 in Conjurations
  8983 | D:9      | Identified the staff of air "Nudu" {rElec Str+7}
  9032 | D:9      | Found a glowing golden altar of the Shining One.
  9038 | D:9      | Noticed a kobold demonologist
  9043 | D:9      | Noticed a kobold demonologist
  9046 | D:9      | Killed a kobold demonologist
  9047 | D:9      | Reached XP level 11. HP: 54/54 MP: 11/22
  9242 | D:9      | Reached skill level 11 in Conjurations
  9461 | D:10     | Entered Level 10 of the Dungeon
  9461 | D:10     | Noticed Gastronok
  9566 | D:10     | Killed Gastronok
  9567 | D:10     | Reached skill level 5 in Poison Magic
  9723 | D:10     | Noticed an oklob plant
  9738 | D:10     | Found a white marble altar of Elyvilon.
  9945 | D:10     | Noticed Lodul
  9991 | D:10     | Noticed an oklob plant
 10008 | D:10     | Found a staircase to the Lair.
 10021 | D:10     | Killed an oklob plant
 10024 | D:10     | Killed an oklob plant
 10070 | D:10     | Reached ****** piety under Elyvilon
 10088 | D:10     | Found Tinad's Firing Range.
 10859 | D:10     | Killed Lodul
 10873 | D:10     | Reached skill level 12 in Conjurations
 10985 | Lair:1   | Entered Level 1 of the Lair of Beasts
 11323 | Lair:1   | HP: 2/54 [poisoned by a black mamba]
 11328 | Lair:1   | HP: 2/54 [poisoned by a black mamba]
 11721 | Lair:1   | Learned a level 3 spell: Ignite Poison
 11907 | Lair:2   | Reached XP level 12. HP: 43/59 MP: 21/25
 12183 | Lair:2   | Found a staircase to the Snake Pit.
 12371 | Lair:2   | Noticed a catoblepas
 12382 | Lair:2   | Killed a catoblepas
 12484 | Lair:2   | Reached skill level 10 in Staves
 12633 | Lair:2   | Reached skill level 13 in Conjurations
 12756 | Lair:2   | Found a staircase to the Swamp.
 12816 | Lair:2   | Noticed a death yak
 12817 | Lair:2   | Noticed a death yak
 12818 | Lair:2   | Noticed a death yak
 12819 | Lair:2   | Noticed a death yak
 12825 | Lair:2   | Noticed a death yak
 12847 | Lair:2   | Killed a death yak
 12891 | Lair:2   | Killed a death yak
 12892 | Lair:2   | Reached skill level 5 in Earth Magic
 12960 | Lair:2   | Killed a death yak
 12960 | Lair:2   | Killed a death yak
 12977 | Lair:2   | Killed a death yak
 13310 | Lair:3   | Noticed an eight-headed hydra
 13314 | Lair:3   | Killed an eight-headed hydra
 13746 | Lair:3   | Identified the +1 spear of the Building Gods {drain,
                  | *Corrode rC+ Str+5}
 13995 | Lair:3   | Noticed a skyshark
 14000 | Lair:3   | Killed a skyshark
 14216 | Lair:3   | Reached XP level 13. HP: 52/63 MP: 20/27
 14268 | Lair:3   | Reached skill level 14 in Conjurations
 14583 | Lair:4   | You are sucked into a shaft and drop 1 floor!
 14583 | Lair:5   | Entered Level 5 of the Lair of Beasts
 14960 | Lair:4   | Reached skill level 10 in Spellcasting
 15049 | Lair:4   | Noticed an ice dragon
 15552 | Lair:4   | Killed an ice dragon
 15787 | Lair:4   | Identified the +5 battleaxe of Reff {freeze, rElec Dex+5}
 16087 | Lair:4   | HP: 2/63 [cane toad (5)]
 16088 | Lair:4   | Elyvilon protects you from harm!
 16088 | Lair:4   | Slain by a cane toad

Illustrated notes

Levels and vault maps discovered:
D:1:      beargit_arrival_diablo_church, layout_basic, serial_shops,
          nicolae_shop_gaudy_bauble, hellmonk_ecumenical_altar_arch_garden
D:2:      layout_basic
D:3:      layout_rooms, serial_aquarium, aquarium_bridge_square
          [aquarium_subvault_window, aquarium_subvault_bridge,
          aquarium_subvault_window, aquarium_subvault_window],
          aquarium_bridge_long_joined [aquarium_subvault_bridge,
          aquarium_subvault_window, aquarium_subvault_balcony,
          aquarium_subvault_wall, aquarium_subvault_bridge,
          aquarium_subvault_bridge], aquarium_window_corridor_3,
          aquarium_window_1, aquarium_view_2c, aquarium_view_2d, uniq_sigmund
D:4:      layout_basic, lemuel_doored_altar, uniq_duvessa
D:5:      layout_cave_pools, nicolae_qazlal_general_emergency,
          lemuel_mausoleum_altar_kikubaaqudgha, grunt_temple_overflow_diamond,
          serial_bayou_pond_a, minmay_misc_feat_cross
D:6:      layout_loops_ring, minmay_temple_entry_hall,
          chequers_serial_rivers_small_b
D:7:      layout_basic, minmay_fire_ice_demons
D:8:      layout_loops_cross, lightli_temple_of_fire, ashenzari_altar_1,
          uniq_pikel, uniq_joseph
D:9:      layout_basic, nicolae_tso_carved_into_rock
D:10:     layout_long_grid, elyvilon_altar_5, dpeg_oklobed_lair,
          nicolae_shop_firing_range, uniq_lodul, uniq_gastronok
Lair:1:   layout_long_grid
Lair:2:   layout_roguey, swamp_mist, guppyfry_snake_entry_island,
          lemuel_fruit_tree, infiniplex_staircase_pool_2
Lair:3:   layout_long_grid, lemuel_fruit_fields
Lair:4:   minmay_lair_venomous_thicket, layout_cave_pods,
          chequers_serial_rivers_micro_d, ice2_lemuel, serial_bayou_shore_b
Lair:5:   hangedman_lair_caniforms_friends, layout_gridlike,
          dpeg_slime_entry_enclosed, gammafunk_ghost_hive,
          infiniplex_staircase_pool

Skill      XL: |  1  2  3  4  5  6  7  8  9 10 11 12 13 |
---------------+----------------------------------------+-----
Short Blades   | 3 |  3.3
Invocations    | 2 3 4 |  4.0
Dodging        | 3 |  3.5
Staves         | 1 2 4 6 7 9 11 | 11.8
Evocations     | 1 2 3 4 |  4.8
Conjurations   | 6 7 9 10 12 13 14 | 14.9
Earth Magic    | 1 2 3 4 5 6 |  6.3
Spellcasting   | 3 4 5 6 8 9 10 | 10.3
Hexes          | 2 3 |  3.0
Poison Magic   | 1 4 5 |  5.0
Stealth        | |  2.2

Action                     |  1- 3 |  4- 6 |  7- 9 | 10-12 | 13-15 || total
---------------------------+-------+-------+-------+-------+-------++-------
  Melee: Kick              |    10 |     6 |    68 |    83 |    40 ||   207
         Unarmed           |     1 |       |       |       |       ||     1
         Short sword       |     9 |       |       |       |       ||     9
         Staff             |     9 |    12 |   183 |   186 |    99 ||   489
         Peck              |     2 |     2 |    41 |    48 |    25 ||   118
         Punch             |       |       |     2 |       |       ||     2
  Throw: Javelin           |     3 |     1 |       |       |       ||     4
         Dart              |       |     2 |       |       |       ||     2
   Cast: Magic Dart        |    75 |    49 |   185 |    54 |     1 ||   364
         Searing Ray       |     1 |     2 |     2 |       |       ||     5
         Stone Arrow       |       |     3 |    32 |   130 |    67 ||   232
         Fulminant Prism   |       |       |     3 |    11 |     9 ||    23
         Iskenderun's Myst |       |       |     1 |    15 |     6 ||    22
         Olgreb's Toxic Ra |       |       |       |    29 |     6 ||    35
         Poisonous Vapours |       |       |       |     7 |     2 ||     9
         Ignite Poison     |       |       |       |     5 |     2 ||     7
 Invoke: Heal Other        |       |       |     4 |       |       ||     4
         Heal Self         |       |       |       |       |     1 ||     1
  Evoke: Wand              |       |       |     4 |       |       ||     4
    Use: Scroll            |       |       |     6 |     3 |     4 ||    13
         Potion            |       |       |     1 |       |     1 ||     2
   Stab: Sleeping          |     1 |       |     1 |       |     1 ||     3
 Armour: Robe              |     1 |     4 |    32 |    21 |    19 ||    77
  Dodge: Dodged            |    18 |    15 |    96 |    79 |    25 ||   233
  Block: Buckler           |       |       |    21 |    25 |    16 ||    62

Table legend: (Time is in decaauts)
 A = Elapsed time spent in this place.
 B = Non-inter-level travel time spent in this place.
 C = Inter-level travel time spent in this place.
 D = Time resting spent in this place.
 E = Time spent auto-exploring this place.
 F = Levels seen in this place.
 G = Mean time per level.
                   A        B        C        D        E       F      G
               +--------+--------+--------+--------+--------+-----+--------+
         Total |  15297 |  14910 |    387 |   3557 |   8564 |  15 | 1019.8 |
       Dungeon |  10487 |  10191 |    296 |   2159 |   6234 |  10 | 1048.7 |
          Lair |   4810 |   4720 |     90 |   1397 |   2330 |   5 |  962.0 |
               +--------+--------+--------+--------+--------+-----+--------+

Top non-repeatable levels by time:
     D:9: 1357 daAuts
    D:10: 1357 daAuts
  Lair:4: 1215 daAuts
     D:7: 1160 daAuts
     D:3: 1154 daAuts
  Lair:3: 1149 daAuts
  Lair:2: 1134 daAuts
     D:8: 1084 daAuts
     D:5: 1071 daAuts
  Lair:1: 1056 daAuts
     D:6: 906 daAuts
     D:2: 832 daAuts
     D:1: 823 daAuts
     D:4: 740 daAuts
  Lair:5: 254 daAuts
